 Dungeon Crawl Stone Soup version 0.31-a0-1059-g83d41fd8b6 (webtiles) character file.

Game seed: 4262050018692914742

28 Avanven the Insei (level 3, -2/19 HPs)
             Began as a Vine Stalker Monk on Nov 21, 2023.
             Slain by a goblin
             ... wielding a +0 dagger
              (4 damage)
             ... on level 2 of the Dungeon.
             The game lasted 00:01:02 (734 turns).

Avanven the Insei (Vine Stalker Monk)                Turns: 734, Time: 00:01:03

Health: -2/19      AC:  2    Str: 15    XL:     3   Next: 14%
Magic:  0/4        EV: 12    Int: 10    God:
Gold:   75         SH:  0    Dex: 16    Spells: 2/2 levels left

rFire   . .          .
                       - Unarmed
rCold   . . .        c - orb {light}
rNeg    . . .        a - +0 robe
rPois   .            (no helmet)
rElec   .            (no cloak)
rCorr   .            (no gloves)
SInv    .            (no boots)
Will    .....        (no amulet)
Stlth   +            (no ring)
HPRegen 1.03/turn    (no ring)
MPRegen 0.09/turn

%: guardian spirit
@: confused, glowing
A: fangs 2, regeneration 1, magic shield, antimagic bite, no potion heal 2
a: no special abilities


You were on level 2 of the Dungeon.
You visited 1 branch of the dungeon, and saw 2 of its levels.

You collected 75 gold pieces.

Inventory:

Armour
 a - a +0 robe (worn)
 c - an orb of light (worn)
Scrolls
 d - 2 scrolls of identify {unknown}
 e - a scroll of teleportation {unknown}
Potions
 b - 2 potions of ambrosia


   Skills:
 - Level 2.6 Fighting
 - Level 2.4 Dodging
 * Level 4.2 Unarmed Combat


You had 2 spell levels left.
You didn't know any spells.
Your spell library was empty.

Dungeon Overview and Level Annotations

Branches:
Dungeon (2/15)

Altars:

Annotations:
D:2 Sigmund


Innate Abilities, Weirdness & Mutations

You have extremely sharp teeth.
Your natural rate of healing is unusually fast.
When hurt, damage is shared between your health and your magic reserves.
Your bite disrupts and absorbs the magic of your enemies.
Potions cannot restore your health.


Message History

You bump into the rock wall.
The hobgoblin shouts!
You're too confused to move!
The bat barely misses you. The bat closely misses you.
Sigmund hits you with a +0 scythe.
You miss the goblin. You bite the goblin, but do no damage. The bat misses you.
The goblin closely misses you.
You hit the goblin. Your bite misses the goblin.
The goblin is moderately wounded.
The bat barely misses you. Sigmund hits you with a +0 scythe.
You barely miss the goblin. You bite the goblin, but do no damage.
The goblin is moderately wounded.
The bat hits you but does no damage. The bat hits you. The goblin misses you.
The bat completely misses you.
Sigmund hits you from afar with a +0 scythe.
The bat hits you. The goblin hits you with a +0 dagger.
The hobgoblin closely misses you. Sigmund hits you with a +0 scythe.
You completely miss the goblin.
The goblin is moderately wounded.
The bat closely misses you. The bat barely misses you.
The goblin hits you but does no damage. The hobgoblin hits you.
You hit the hobgoblin.
The hobgoblin is severely wounded.
The bat hits you but does no damage. The goblin hits you but does no damage.
The hobgoblin hits you. Sigmund barely misses you. The bat barely misses you.
You're too confused to move!
You feel less confused. The goblin closely misses you.
The hobgoblin hits you but does no damage.
Sigmund gestures at you while chanting. The magic dart hits you.
* * * LOW HITPOINT WARNING * * *
The bat hits you.
* * * LOW HITPOINT WARNING * * *
You open the door. The bat barely misses you. The goblin misses you.
The hobgoblin hits you.
* * * LOW HITPOINT WARNING * * *
Sigmund casts a spell at you.
You are confused.
The bat closely misses you. The goblin hits you with a +0 dagger.
You die...

#... ... #
..###.### .......
##.#####.##.##
##...........<#
....###@#g.##.#
.......g...##.#
.....b.@#'###.###
##..###..........
............#.#
.<##.##.....#.# #
#.#...#.#######
#.#.#..<.......
..#.###########
...... ##.#...


You could see Sigmund, a hobgoblin, a goblin and a bat.

Vanquished Creatures
  2 dart slugs (D:1)
  A ball python (D:1)
  2 bats (D:1)
  2 endoplasms (D:1)
  4 hobgoblins (D:1)
  2 jackals (D:1)
  2 kobolds (D:1)
  2 quokkas (D:1)
  4 rats (D:1)
21 creatures vanquished.

Notes
Turn   | Place    | Note
-------+----------+-------------------------------------------
     0 | D:1      | Avanven the Vine Stalker Monk began the quest for the Orb.
     0 | D:1      | Reached XP level 1. HP: 11/11 MP: 2/2
    30 | D:1      | Reached XP level 2. HP: 16/16 MP: 3/3
   389 | D:1      | Reached skill level 4 in Unarmed Combat
   495 | D:1      | Reached XP level 3. HP: 19/19 MP: 4/4
   717 | D:2      | Noticed Sigmund
   734 | D:2      | Slain by a goblin

Illustrated notes

Levels and vault maps discovered:
D:1:      tarquinn_simple_flora_water_b, layout_basic
D:2:      layout_basic, serial_shops, shop, shop,
          nicolae_shop_pleasant_corner_grove, shop, nicolae_shop_stone,
          basic_altar, minmay_snake_closets, uniq_sigmund,
          uniq_crazy_yiuf_cottage, uniq_terence

Skill      XL: |  1  2 |
---------------+-------+-----
Unarmed Combat | 4 |  4.2
Fighting       | |  2.6
Dodging        | |  2.4

Action                     || total
---------------------------++-------
  Melee: Unarmed           ||    53
         Bite              ||    20
 Armour: Robe              ||    36
  Dodge: Dodged            ||    39

Table legend: (Time is in decaauts)
 A = Elapsed time spent in this place.
 B = Non-inter-level travel time spent in this place.
 C = Inter-level travel time spent in this place.
 D = Time resting spent in this place.
 E = Time spent auto-exploring this place.
 F = Levels seen in this place.
 G = Mean time per level.
                   A        B        C        D        E       F      G
               +--------+--------+--------+--------+--------+-----+--------+
         Total |    730 |    681 |     49 |      0 |    554 |   2 |  365.0 |
       Dungeon |    730 |    681 |     49 |      0 |    554 |   2 |  365.0 |
               +--------+--------+--------+--------+--------+-----+--------+

Top non-repeatable levels by time:
     D:1: 703 daAuts
     D:2: 26 daAuts
